 Dungeon Crawl Stone Soup version 0.27.1-35-g4d5d836560 (webtiles) character file.

Game seed: 16098013149967459280

36 Delamore the Sneak (level 3, -3/36 HPs)
             Began as an Octopode Brigand on Mar 8, 2022.
             Slain by Natasha (6 damage)
             ... on level 2 of the Dungeon.
             The game lasted 00:01:05 (1184 turns).

Delamore the Sneak (Octopode Brigand)               Turns: 1184, Time: 00:01:05

Health: -3/36      AC: 21    Str: 10    XL:     3   Next: 37%
Magic:  3/3        EV:  2    Int: 13    God:
Gold:   50         SH:  0    Dex: 14    Spells: 2/2 levels left

rFire    . . .     SeeInvis +   a - +2 dagger
rCold    . . .     Faith    .   (no shield)
rNeg     + + +     Spirit   .   (helmet currently unavailable)
rPois    +         Reflect  .   (no amulet)
rElec    .         Harm     .   g - ring of see invisible
rCorr    .         Rampage  .   (no ring)
Will     .....     NoTele   +   (no ring)
Stlth    +++.......             (no ring)
HPRegen  0.12/turn              (no ring)
MPRegen  0.08/turn              (no ring)
                                (no ring)
                                (no ring)

@: tree-form, slowed, very slow
A: stationary, stasis, torment immunity, boosted hp, almost no armour,
(amphibious), 8 rings, (camouflage 1), (gelatinous body 1), (nimble swimmer 1),
(tentacles)
a: no special abilities


You were on level 2 of the Dungeon.
You were a tree.
You visited 1 branch of the dungeon, and saw 2 of its levels.

You collected 50 gold pieces.

Inventory:

Hand Weapons
 a - a +2 dagger (weapon)
Missiles
 b - 22 poisoned darts (quivered)
 c - 2 curare-tipped darts
Jewellery
 g - a ring of see invisible (left branch)
Scrolls
 e - a scroll of identify
 f - a scroll of amnesia
 h - a scroll of vulnerability
 i - a scroll of magic mapping {unknown}
 j - a scroll of silence {unknown}
 k - a scroll of noise {unknown}
Potions
 d - 2 potions of lignification


   Skills:
 - Level 2.0 Fighting
 + Level 2.6 Short Blades
 - Level 2.0 Throwing
 - Level 1.0 Dodging
 * Level 6.5 Stealth


You had 2 spell levels left.
You didn't know any spells.
Your spell library contained the following spells:

 Spells                   Type           Power      Damage    Failure   Level
 Animate Skeleton         Necr           0%         N/A       30%         1
 Apportation              Tloc           0%         N/A       30%         1
 Corona                   Hex            0%         N/A       30%         1
 Summon Small Mammal      Summ           0%         N/A       30%         1


Dungeon Overview and Level Annotations

Branches:
Dungeon (2/15)

Altars:

Annotations:
D:2 Natasha


Innate Abilities, Weirdness & Mutations

You are a tree.
Your roots penetrate the ground, keeping you stationary.
You cannot be teleported.
You are immune to unholy pain and torment.
Your maximum health is greatly increased.
You cannot wear most types of armour.
((You are amphibious.))
You can wear up to eight rings at the same time.
((Your skin changes colour to match your surroundings (Stealth+).))
((Your rubbery body absorbs attacks. (AC +1, EV +1)))
((You are camouflaged near water. (Stealth+)))
((You have tentacles for arms and can constrict up to eight enemies at once.))


Message History

No target in view!
No target in view!
No target in view!
Natasha stares at you and mumbles some strange words.
You feel yourself slow down. The bat hits you. The bat closely misses you.
Natasha casts a spell at you. The magic dart hits you. Natasha claws you!
* * * LOW HITPOINT WARNING * * *
You closely miss Natasha. You grab Natasha. You constrict Natasha.
The bat closely misses you. Natasha closely misses you.
You hit Natasha.
Natasha is lightly wounded.
You constrict Natasha. The bat closely misses you. Natasha claws you.
* * * LOW HITPOINT WARNING * * *
Natasha barely misses you.
It was a potion of lignification.
You turn into a tree.
Your roots penetrate the ground.
You lose your grip on Natasha.
The bat completely misses you. Natasha claws you but does no damage.
The bat hits you.
* * * LOW HITPOINT WARNING * * *
You hit Natasha.
Natasha is moderately wounded.
The bat hits you but does no damage. Natasha claws you but does no damage.
Natasha casts a spell.
You hit Natasha.
Natasha is heavily wounded.
The bat hits you but does no damage. Natasha claws you but does no damage.
You hit Natasha but do no damage.
Natasha is heavily wounded.
The bat hits you but does no damage. Natasha claws you but does no damage.
The bat completely misses you.
You hit Natasha.
Natasha is severely wounded.
The bat hits you.
* * * LOW HITPOINT WARNING * * *
Natasha completely misses you.
The shadow imp hits you but does no damage.
Natasha claws you.
You die...

.......#..........# ..
##....##..........##..
#.....................
.#...................
#........####.......
#.......## ##......
##......# #.....#
##.....# #......
#5♣....# ##......
#..h......####...)...
##.b.................
.....................
..#...##..........##..
..#......#..........#..#
. #..##.................
....#........#........
.........###...##..


You could see Natasha, a shadow imp (summoned) and a bat.

Vanquished Creatures
  2 worms (D:2)
  3 endoplasms (D:1)
  2 giant cockroaches (D:1)
  2 goblins
  3 hobgoblins (D:1)
  2 kobolds (D:1)
  A quokka (D:1)
  4 ball pythons
  4 bats
  A frilled lizard (D:1)
  5 rats (D:1)
29 creatures vanquished.

Notes
Turn   | Place    | Note
-------+----------+-------------------------------------------
     0 | D:1      | Delamore the Octopode Brigand began the quest for the Orb.
     0 | D:1      | Reached XP level 1. HP: 14/14 MP: 1/1
   116 | D:1      | Found a faded altar of an unknown god.
   219 | D:1      | Reached XP level 2. HP: 19/19 MP: 2/2
   487 | D:1      | Reached skill level 6 in Stealth
   787 | D:1      | Reached XP level 3. HP: 24/24 MP: 3/3
  1135 | D:2      | Noticed Natasha
  1184 | D:2      | Slain by Natasha

Illustrated notes

Levels and vault maps discovered:
D:1:      erik_arrival_orb_chamber, layout_basic,
          chequers_ecumenical_altar_simple, minmay_pentomino_p4
D:2:      layout_rooms, basic_altar, kennysheep_decorative_pillar, uniq_jessica,
          uniq_terence, uniq_crazy_yiuf_cottage, uniq_natasha

Skill      XL: |  1  2 |
---------------+-------+-----
Stealth        | 6 |  6.5
Fighting       | |  2.0
Short Blades   | |  2.6
Throwing       | |  2.0
Dodging        | |  1.0

Action                   || total
-------------------------++-------
Melee: Dagger            ||    63
       Constrict         ||     8
       Tentacles         ||     7
  Use: Scroll            ||     2
       Potion            ||     1
 Stab: Sleeping          ||    15
Armor: Skin              ||    13
Dodge: Dodged            ||    22
